 Dungeon Crawl Stone Soup version 0.28-a0-97-g102d6777a4 (webtiles) character file.

Game seed: 4992066669882890339

198 seren the Insei (level 5, -1/35 HPs)
             Began as an Octopode Transmuter on Aug 9, 2021.
             Slain by a hound (2 damage)
             ... on level 3 of the Dungeon.
             The game lasted 00:18:02 (3266 turns).

seren the Insei (Octopode Transmuter)               Turns: 3266, Time: 00:18:03

Health: -1/35      AC:  1    Str:  9    XL:     5   Next: 77%
Magic:  7/8        EV: 13    Int: 16    God:
Gold:   130        SH:  0    Dex: 13    Spells: 2/8 levels left

rFire   . . .      SeeInvis .     - Unarmed
rCold   . . .      Faith    .   (no shield)
rNeg    . . .      Spirit   .   (helmet currently unavailable)
rPois   .          Reflect  .   (no amulet)
rElec   .          Harm     .   h - ring of wizardry
rCorr   +          Rampage  .   l - ring of resist corrosion
Will    .....                   (no ring)
Stlth   +++.......              (no ring)
HPRegen 0.11/turn               (no ring)
MPRegen 0.11/turn               (no ring)
                                (no ring)
                                (no ring)

@: appendages
A: tentacle spike 3, almost no armour, amphibious, 8 rings, camouflage 1,
gelatinous body 1, (nimble swimmer 1), tentacles
a: End Transformation


You were on level 3 of the Dungeon.
One of your tentacles had grown a beastly spike.
You visited 1 branch of the dungeon, and saw 4 of its levels.

You collected 130 gold pieces.

Inventory:

Hand Weapons
 b - a +0 hunting sling
Missiles
 e - 7 javelins
 i - 118 stones
 k - 43 sling bullets
Jewellery
 f - a ring of ice
 h - a ring of wizardry (left tentacle)
 l - a ring of resist corrosion (right tentacle)
Scrolls
 d - a scroll of enchant armour
 m - a scroll of noise {unknown}
Potions
 g - a potion of curing
 j - a potion of heal wounds {unknown}
 n - 3 potions of mutation {!q}


   Skills:
 + Level 2.4 Fighting
 + Level 3.0 Dodging
 + Level 3.4 Stealth
 + Level 3.8 Unarmed Combat
 - Level 2.0 Spellcasting
 * Level 3.1 Transmutations


You had 2 spell levels left.
You knew the following spells:

 Your Spells              Type           Power      Damage    Failure   Level
a - Beastly Appendage     Tmut           22%        N/A       2%          1
b - Wereblood             Tmut           11%        N/A       3%          2
c - Spider Form           Tmut/Pois      3%         N/A       13%         3

Your spell library contained the following spells:

 Spells                   Type           Power      Damage    Failure   Level
 Gell's Gravitas          Tloc           0%         N/A       24%         3
 Lesser Beckoning         Tloc           0%         N/A       24%         3
 Ozocubu's Armour         Ice            1%         N/A       24%         3
 Stone Arrow              Conj/Erth      2%         3d7       24%         3
 Teleport Other           Tloc           1%         N/A       24%         3
 Ice Form                 Ice/Tmut       6%         N/A       38%         4
 Bolt of Magma            Conj/Fire/Erth 0%         4d4       89%         5
 Ozocubu's Refrigeration  Ice            0%         4d5       100%        7
 Shatter                  Erth           0%         3d5*      100%        9


Dungeon Overview and Level Annotations

Branches:
Dungeon (4/15)
 Temple: D:4-7

Altars:

Annotations:
D:3 Natasha, Sigmund


Innate Abilities, Weirdness & Mutations

One of your tentacles has grown a beastly spike.
You cannot wear most types of armour.
You are amphibious.
You can wear up to eight rings at the same time.
Your skin changes colour to match your surroundings (Stealth+).
Your rubbery body absorbs attacks. (AC +1, EV +1)
((You are camouflaged near water. (Stealth+)))
You have tentacles for arms and can constrict up to eight enemies at once.


Message History

The ball python bites you.
* * * LOW HITPOINT WARNING * * *
The ball python closely misses you. The ball python barely misses you.
The ball python grabs you. The ball python constricts you.
You tentacle-slap the ball python but do no damage.
You grab the ball python. You constrict the ball python.
The ball python closely misses you.
* * * LOW HITPOINT WARNING * * *
The ball python constricts you.
Unknown command.
You escape the ball python's grasp.
You release your grip on the ball python.
There is an open door here.
Okay, then.
You feel better. The ball python bites you.
* * * LOW HITPOINT WARNING * * *
The ball python barely misses you.
You barely miss the ball python. You grab the ball python.
The ball python is moderately wounded.
You constrict the ball python. The ball python bites you.
* * * LOW HITPOINT WARNING * * *
The ball python grabs you.
* * * LOW HITPOINT WARNING * * *
The ball python constricts you.
You tentacle-slap the ball python.
You kill the ball python!
You tentacle-slap the hound. You grab the hound.
The hound is lightly wounded.
You constrict the hound. The hound bites you.
* * * LOW HITPOINT WARNING * * *
The hound bites you.
* * * LOW HITPOINT WARNING * * *
You barely miss the hound.
You pierce the hound.
The hound is heavily wounded.
You constrict the hound. The hound bites you.
* * * LOW HITPOINT WARNING * * *
You tentacle-slap the hound but do no damage.
The hound is heavily wounded.
You constrict the hound. The hound bites you.
You die...

..####.## #......###.#
..####..##########......# #.#
...................###### #.#
..#####.############## #.#
..'.............>....# #.#
..#........#..##.###.# #.#
..#........#..##.# #.# #.#
...........#..##h# #.######.#####
###........#..##@###.....##......
...........#..#.......##.########
##.........#..#...###.#.........^
...........#..#...# #.#..########
####..............# #.#..........
..................# #.#......#.##
............#.....# #.#......#.#
.#########..#.....# #.#.####.#.#
.# #.....#### #.#......#.#


You could see a hound.

Vanquished Creatures
  A water moccasin zombie (D:3)
  A hound (D:3)
  2 adders (D:2)
  2 dart slugs (D:1)
  4 orcs (D:3)
  8 endoplasms
  5 giant cockroaches
  8 goblins
  6 hobgoblins
  9 jackals
  4 quokkas
  5 ball pythons
  5 bats
  4 frilled lizards
  5 kobolds
  4 rats
73 creatures vanquished.

Notes
Turn   | Place    | Note
-------+----------+-------------------------------------------
     0 | D:1      | seren the Octopode Transmuter began the quest for the Orb.
     0 | D:1      | Reached XP level 1. HP: 13/13 MP: 3/3
   145 | D:1      | Reached XP level 2. HP: 18/18 MP: 3/5
   157 | D:1      | Found a faded altar of an unknown god.
   168 | D:1      | Reached skill level 1 in Stealth
   253 | D:1      | Learned a level 2 spell: Wereblood
   491 | D:1      | Reached XP level 3. HP: 18/23 MP: 6/6
  1281 | D:2      | Reached XP level 4. HP: 19/29 MP: 4/7
  1490 | D:2      | Learned a level 3 spell: Spider Form
  2226 | D:3      | Reached XP level 5. HP: 31/34 MP: 5/8
  2360 | D:3      | Noticed Sigmund
  2428 | D:3      | Noticed Natasha
  3265 | D:3      | HP: 1/35 [hound (3)]
  3266 | D:3      | Slain by a hound

Illustrated notes

Levels and vault maps discovered:
D:1:      wander_arrival_desolate, layout_loops_cross, basic_ecumenical_altar,
          nrook_campfire
D:2:      minmay_wonky_spiral, layout_basic
D:3:      layout_basic, uniq_sigmund, uniq_natasha
D:4:      layout_cave_pools, nicolae_ru_the_path_less_chosen,
          lemuel_temple_firewalk_b, minmay_quantized

Skill      XL: |  1  2  3  4  5 |
---------------+----------------+-----
Stealth        | 1 2 3 |  3.4
Fighting       | 2 |  2.4
Dodging        | 3 |  3.0
Transmutations | 3 |  3.1
Unarmed Combat | |  3.8
Spellcasting   | |  2.0

Action                   |  1- 3 |  4- 6 || total
-------------------------+-------+-------++-------
Melee: Unarmed           |    75 |    86 ||   161
       Constrict         |    21 |    22 ||    43
       Tentacles         |    13 |    17 ||    30
       Kick              |    11 |    14 ||    25
       Punch             |     4 |     1 ||     5
 Fire: Hunting sling     |     8 |       ||     8
 Cast: Beastly Appendage |     7 |    12 ||    19
       Wereblood         |     4 |     5 ||     9
  Use: Scroll            |       |     4 ||     4
       Potion            |       |     1 ||     1
 Stab: Sleeping          |     7 |     8 ||    15
       Distracted        |       |     1 ||     1
Armor: Skin              |    11 |     5 ||    16
Dodge: Dodged            |    48 |    61 ||   109

Table legend: (Time is in decaauts)
 A = Elapsed time spent in this place.
 B = Non-inter-level travel time spent in this place.
 C = Inter-level travel time spent in this place.
 D = Time resting spent in this place.
 E = Time spent auto-exploring this place.
 F = Levels seen in this place.
 G = Mean time per level.
                   A        B        C        D        E       F      G
               +--------+--------+--------+--------+--------+-----+--------+
         Total |   3258 |   3163 |     95 |    776 |    795 |   4 |  814.5 |
       Dungeon |   3258 |   3163 |     95 |    776 |    795 |   4 |  814.5 |
               +--------+--------+--------+--------+--------+-----+--------+

Top non-repeatable levels by time:
     D:3: 1087 daAuts
     D:2: 1049 daAuts
     D:1: 1044 daAuts
     D:4: 76 daAuts
